 Dungeon Crawl Stone Soup version 0.22.1-2-g9c5b331 (webtiles) character file.

192 shamaniam the Ruffian (level 5, -1/53 HPs)
             Began as a Troll Fighter on Dec 3, 2018.
             Slain by an orc wizard
             ... wielding a +0 dagger
              (2 damage)
             ... on level 4 of the Dungeon.
             The game lasted 00:02:37 (2494 turns).

shamaniam the Ruffian (Troll Fighter)               Turns: 2494, Time: 00:02:37

Health: -1/53      AC:  5    Str: 24    XL:     5   Next: 42%
Magic:  4/4        EV:  9    Int:  4    God:
Gold:   176        SH:  9    Dex: 10    Spells: 4/4 levels left

rFire    . . .     SeeInvis .     - Unarmed
rCold    . . .     Gourm    +   a - +0 shield
rNeg     . . .     Faith    .   t - +0 robe (curse)
rPois    .         Spirit   .   (helmet restricted)
rElec    .         Reflect  .   (no cloak)
rCorr    .         Harm     .   (gloves unavailable)
MR       .....                  (boots unavailable)
Stlth    +.........             (no amulet)
HPRegen  0.57/turn              (no ring)
MPRegen  0.09/turn              (no ring)

@: no status effects
A: large, unfitting armour, claws 3, fast metabolism 3, gourmand, regeneration
1, shaggy fur 1, tough skin 2
a: no special abilities


You were on level 4 of the Dungeon.
You were very full.

You visited 1 branch of the dungeon, and saw 4 of its levels.

You collected 176 gold pieces.

Inventory:

Hand Weapons
 b - a +0 hunting sling
Missiles
 u - 18 sling bullets
Armour
 a - a +0 shield (worn)
 t - a cursed +0 robe (worn)
Jewellery
 o - an uncursed ring of see invisible {unknown}
 q - an uncursed ring of positive energy {unknown}
Scrolls
 e - 3 scrolls of amnesia {unknown}
 g - 3 scrolls of teleportation {unknown}
 i - 8 scrolls of identify {unknown}
 m - 4 scrolls of remove curse {unknown}
 n - 2 scrolls of magic mapping {unknown}
Potions
 c - 2 potions of might
 f - 2 potions of magic {unknown}
 h - a potion of degeneration {unknown}
 k - a potion of haste {unknown}
 l - 5 potions of curing {unknown}
 p - a potion of agility {unknown}
 r - a potion of mutation {unknown}
 s - a potion of lignification {unknown}
Comestibles
 d - 9 rations


   Skills:
 + Level 3.2 Fighting
 + Level 3.2 Dodging
 + Level 3.3 Shields
 + Level 3.3 Unarmed Combat


You had 4 spell levels left.
You didn't know any spells.
Your spell library was empty.

Dungeon Overview and Level Annotations

Branches:
Dungeon (4/15)
 Temple: D:4-7

Altars:


Innate Abilities, Weirdness & Mutations

You are too large for most types of armour.
You have claws for hands.
Your metabolism is lightning-fast.
You like to eat raw meat.
Your natural rate of healing is unusually fast.
You are covered in fur. (AC +1)
You have very tough skin. (AC +2)


Message History

The orc priest looks braver for a moment.
You hear some strange, mumbled words.
Something tries to affect you, but you resist.
You scratch something. Something hits you but does no damage.
You barely miss something. Something hits you but does no damage.
You scratch something but do no damage.
The orc priest mumbles some strange prayers to Beogh against you.
Beogh smites you! Something hits you.
You miss something. Something hits you.
* * * LOW HITPOINT WARNING * * *
The orc priest calls down the wrath of Beogh upon you.
Beogh smites you!
* * * LOW HITPOINT WARNING * * *
You claw something!
You hear some strange, mumbled words.
A magic dart appears from out of thin air!
The magic dart hits you!
* * * LOW HITPOINT WARNING * * *
You scratch something. Something hits you.
You die...

#.# #.# #..$.. #.#
#.... #.# #....
#.# ... #.# .o.
#.# #o# #.# #.#
#.# #@# #.# #.#
#########.######.#
#................#
##.######.########
#.# #......# #.#
######.# #.# #.#
#.# #.#


You could see an orc priest and an orc.

Vanquished Creatures
  An orc priest (D:3)
  An orc wizard (D:3)
  4 gnolls (D:2)
  2 adders
  2 worms (D:3)
  2 dart slugs
  2 leopard geckos
  An orc (D:3)
  14 bats
  3 giant cockroaches
  3 goblins
  6 hobgoblins
  8 jackals
  A quokka (D:3)
  A ball python (D:3)
  3 frilled lizards (D:3)
  7 kobolds
  21 rats
82 creatures vanquished.

Notes
Turn   | Place    | Note
-------+----------+-------------------------------------------
     0 | D:1      | shamaniam the Troll Fighter began the quest for the Orb.
     0 | D:1      | Reached XP level 1. HP: 22/22 MP: 0/0
   283 | D:1      | Reached XP level 2. HP: 29/29 MP: 1/1
   525 | D:1      | Reached XP level 3. HP: 34/36 MP: 2/2
  1139 | D:2      | Reached XP level 4. HP: 28/44 MP: 3/3
  1910 | D:3      | Reached XP level 5. HP: 50/53 MP: 4/4
  2493 | D:4      | HP: 1/53 [something/magic dart (4)]
  2494 | D:4      | Slain by an orc wizard

Skill      XL: |  1  2  3  4 |
---------------+-------------+-----
Dodging        | 3 |  3.2
Fighting       | 3 |  3.2
Shields        | 3 |  3.3
Unarmed Combat | 3 |  3.3

Action                   |  1- 3 |  4- 6 || total
-------------------------+-------+-------++-------
Melee: Unarmed           |   115 |   116 ||   231
 Stab: Sleeping          |     1 |       ||     1
  Eat: Chunk             |    16 |    12 ||    28
Armor: Robe              |    38 |    25 ||    63
Dodge: Dodged            |    31 |    28 ||    59
Block: Shield            |    54 |    39 ||    93
